 Dungeon Crawl Stone Soup version 0.31.0-12-g77e489cdc1 (webtiles) character file.

Game seed: 12599894776908499687

64 spaghetti the Trooper (level 4, -5/53 HPs)
             Began as an Oni Chaos Knight on Mar 7, 2024.
             Was a Plaything of Xom.
             Slain by Crazy Yiuf
             ... wielding a +4 quarterstaff of chaos
              (11 damage)
             ... on level 2 of the Dungeon.
             The game lasted 00:01:29 (1689 turns).

spaghetti the Trooper (Oni Chaos Knight)            Turns: 1689, Time: 00:01:30

Health: -5/53      AC:  7    Str: 16    XL:     4   Next: 12%
Magic:  4/4        EV:  9    Int: 15    God:    Xom [*.....]
Gold:   87         SH:  0    Dex:  8    Spells: 3/3 levels left

rFire   . . .        f - +2 dagger (venom)
rCold   . . .        (no shield)
rNeg    . . .        b - +2 robe
rPois   .            (helmet restricted)
rElec   .            (no cloak)
rCorr   .            (gloves unavailable)
SInv    .            (boots unavailable)
Will    .....        (no amulet)
Stlth   +            (no ring)
HPRegen 0.28/turn    (no ring)
MPRegen 0.09/turn

%: no passive effects
@: no status effects
A: large, unfitting armour, horns 1, tough skin 1, double potion healing,
drunken brawling, iridescent scales 1
a: Renounce Religion


You were on level 2 of the Dungeon.
You worshipped Xom.
You were a special plaything of Xom.
You visited 1 branch of the dungeon, and saw 2 of its levels.

You collected 87 gold pieces.

Inventory:

Hand Weapons
 a - a +0 mace of chaos
 f - a +2 dagger of venom (weapon)
Armour
 b - a +2 robe (worn)
Wands
 d - a wand of polymorph (5)
Scrolls
 c - a scroll of butterflies
 e - a scroll of vulnerability {unknown}
 g - a scroll of blinking {unknown}
Potions
 h - a potion of degeneration {unknown}


   Skills:
 + Level 6.4 Fighting
 - Level 3.0 Maces & Flails
 - Level 2.1 Dodging


You had 3 spell levels left.
You didn't know any spells.
Your spell library contained the following spells:

 Spells                   Type           Power      Damage    Failure   Level
 Magic Dart               Conj           0%         1d3       26%         1
 Searing Ray              Conj           0%         2d4       38%         2
 Fulminant Prism          Conj/Alch      0%         3d5       95%         4


Dungeon Overview and Level Annotations

Branches:
Dungeon (2/15)

Altars:
Dithmenos

Annotations:
D:2 Crazy Yiuf


Innate Abilities, Weirdness & Mutations

You are too large for most types of armour.
You have a pair of small horns on your head.
You have tough skin. (AC +1)
You gain doubled healing and magic from potions.
Whenever you drink a healing potion, you attack all around you.
You are partially covered in iridescent scales. (AC +2)


Message History

You see here a giant cockroach corpse.
There is a stone staircase leading down here.
Things that are here:
a +0 club; a goblin skeleton You are now a toy of Xom.
Things that are here:
a +0 club; a goblin skeleton Crazy Yiuf shouts!
Could not explore, unopened runed door.
Could not explore, unopened runed door.
No reachable target in view!
You open the door. You barely miss Crazy Yiuf. You headbutt Crazy Yiuf.
Crazy Yiuf is lightly wounded.
Crazy Yiuf hits you with a +4 quarterstaff of chaos!
Crazy Yiuf burns you.
You closely miss Crazy Yiuf.
Crazy Yiuf is lightly wounded.
Crazy Yiuf hits you with a +4 quarterstaff of chaos!
You are electrocuted!
* * * LOW HITPOINT WARNING * * *
You hit Crazy Yiuf but do no damage.
Crazy Yiuf is poisoned.
You headbutt Crazy Yiuf!
Crazy Yiuf is heavily wounded.
Xom makes a sudden noise!
You hear the chiming of a distant gong.
You are now a special plaything of Xom.
Crazy Yiuf closely misses you.
Unknown command.
You hit Crazy Yiuf but do no damage.
Crazy Yiuf looks as sick as possible!
Crazy Yiuf is severely wounded.
Crazy Yiuf hits you with a +4 quarterstaff of chaos.
* * * LOW HITPOINT WARNING * * *
Crazy Yiuf burns you.
* * * LOW HITPOINT WARNING * * *
Unknown command.
Unknown command.
You hit Crazy Yiuf but do no damage.
Crazy Yiuf looks as sick as possible!
Crazy Yiuf is severely wounded.
Crazy Yiuf hits you with a +4 quarterstaff of chaos!
You die...

######.## ##..##
#.......# #.# #....#
###...### ####.###
#...P# #...#
#......# ##.P.#
###.# #.##.#.# ##.##
#.# #.##.#.# ##.#
#.# #.##.#.# #.##
#.# #.##.#.# ##.#
#.# #.##.#.# #@##
#.# #......# #g#
###.##### ####...#
... ###.......##
##########.# #...#
#.....#.....
.........#.# #)..#
#...##....##
.##.##.#.#.# #####
#...##..#...
...........#
#...#...#.##
###...)..#.#
###########.......##
###...#..#.#
#.......# #.........


You could see Crazy Yiuf (extremely poisoned).

Vanquished Creatures
  An adder (D:2)
  2 ribbon worms (D:2)
  3 dart slugs (D:2)
  4 ball pythons
  6 bats
  An endoplasm (D:2)
  2 giant cockroaches
  4 goblins
  3 hobgoblins (D:1)
  A quokka (D:1)
  2 frilled lizards (D:2)
  7 kobolds
  8 rats
44 creatures vanquished.

Notes
Turn   | Place    | Note
-------+----------+-------------------------------------------
     0 | D:1      | spaghetti the Oni Chaos Knight began the quest for the Orb.
     0 | D:1      | Reached XP level 1. HP: 24/24 MP: 1/1
   173 | D:1      | XOM: divination: detect creatures
   244 | D:1      | Reached XP level 2. HP: 30/33 MP: 2/2
   336 | D:1      | XOM: divination: detect items
   345 | D:1      | Reached skill level 5 in Fighting
   529 | D:1      | XOM: silly message
   644 | D:1      | XOM: silly message
   954 | D:2      | Reached XP level 3. HP: 40/40 MP: 3/3
   973 | D:2      | Found a shadowy altar of Dithmenos.
   986 | D:2      | XOM: smoke on damage
  1021 | D:2      | XOM: give mutation
  1021 | D:2      | Gained mutation: You are partially covered in iridescent
                  | scales. (AC +2) [Xom's grace]
  1127 | D:2      | Reached skill level 6 in Fighting
  1173 | D:2      | Found a runed translucent door.
  1174 | D:2      | Noticed Crazy Yiuf
  1401 | D:2      | Reached XP level 4. HP: 53/53 MP: 4/4
  1687 | D:2      | XOM: noise
  1689 | D:2      | Slain by Crazy Yiuf

Illustrated notes

Levels and vault maps discovered:
D:1:      sevenhm_arrival_forest_fort_large_2, layout_basic
D:2:      layout_loops_cross, basic_altar, uniq_crazy_yiuf_cottage

Skill      XL: |  1  2  3 |
---------------+----------+-----
Fighting       | 5 6 |  6.4
Maces & Flails | |  3.0
Dodging        | |  2.1

Action                     |  1- 3 |  4- 6 || total
---------------------------+-------+-------++-------
  Melee: Mace              |     7 |       ||     7
         Dagger            |    85 |    15 ||   100
         Headbutt          |    14 |     4 ||    18
    Use: Scroll            |     5 |       ||     5
   Stab: Sleeping          |     1 |       ||     1
 Armour: Robe              |    54 |     8 ||    62
  Dodge: Dodged            |    36 |     4 ||    40
